 Dungeon Crawl Stone Soup version 0.31-a0-229-g1fc7ce93e2 (webtiles) character file.

Game seed: 6604447152875412618

123 qw the Shooter (level 4, 0/36 HPs)
             Began as a Minotaur Hexslinger on July 6, 2023.
             Slain by an orc wizard
             ... wielding a +0 dagger of venom
              (2 damage)
             ... on level 3 of the Dungeon.
             The game lasted 00:00:52 (2319 turns).

qw the Shooter (Minotaur Hexslinger)                Turns: 2319, Time: 00:00:53

Health: 0/36       AC:  5    Str: 12    XL:     4   Next: 80%
Magic:  4/4        EV: 11    Int: 10    God:
Gold:   207        SH:  0    Dex: 15    Spells: 4/5 levels left

rFire   . . .        Y - +0 orcbow
rCold   . . .        (shield currently unavailable)
rNeg    . . .        e - +0 ring mail
rPois   .            (helmet restricted)
rElec   .            (no cloak)
rCorr   .            (no gloves)
SInv    +            (no boots)
Will    .....        (no amulet)
Stlth   +            b - ring of see invisible
HPRegen 0.26/turn    (no ring)
MPRegen 0.09/turn

%: no passive effects
@: lethally poisoned (0 -> -13)
A: horns 2, retaliatory headbutt
a: no special abilities


You were on level 3 of the Dungeon.
You visited 1 branch of the dungeon, and saw 4 of its levels.

You collected 207 gold pieces.


Innate Abilities, Weirdness & Mutations

You have a pair of horns on your head.
You reflexively headbutt those who attack you in melee.


   Skills:
 + Level 2.2 Fighting
 - Level 5.0 Ranged Weapons
 - Level 1.5 Armour
 - Level 2.1 Dodging
 - Level 1.0 Spellcasting
 - Level 2.0 Hexes


You had 4 spell levels left.
You knew the following spells:

 Your Spells              Type           Power      Damage    Failure   Level
a - Slow                  Hex            16%        N/A       32%         1

Your spell library contained the following spells:

 Spells                   Type           Power      Damage    Failure   Level
 Inner Flame              Hex/Fire       2%         N/A       83%         3
 Portal Projectile        Hex/Tloc       4%         N/A       83%         3
 Cause Fear               Hex            2%         N/A       97%         4

Inventory:

Hand Weapons
 Y - a +0 orcbow (weapon)
Armour
 e - a +0 ring mail (worn)
Jewellery
 b - a ring of see invisible (left hand)
Scrolls
 i - a scroll of teleportation
Potions
 a - a potion of curing {unknown}
 c - a potion of might {unknown}
 d - a potion of invisibility {unknown}
 f - a potion of enlightenment {unknown}
 h - a potion of resistance {unknown}

Dungeon Overview and Level Annotations

Branches:
Dungeon (4/15)
 Temple: D:4-7

Altars:
Trog

Shops:
D:3 [

Annotations:
D:3 exclusion: moth of wrath


Message History

An orc comes into view. It is wielding a +0 hand axe.
The orc priest looks braver for a moment.
You shoot an arrow. The arrow hits the hobgoblin.
You kill the hobgoblin!
You shoot an arrow.
The arrow hits the orc wizard but does no damage.
The orc wizard completely misses you.
You shoot an arrow.
The arrow closely misses the orc wizard.
The orc wizard completely misses you. The orc wizard closely misses you.
You shoot an arrow.
The arrow hits the orc wizard but does no damage.
The orc wizard hits you but does no damage.
You are poisoned.
You shoot an arrow.
The arrow closely misses the orc wizard.
You feel very sick.
The orc wizard hits you with a +0 dagger of venom.
You are more poisoned.
The orc priest closely misses you. You furiously retaliate!
You headbutt the orc priest!
The orc wizard hits you with a +0 dagger of venom.
You are more poisoned.
The orc priest hits you with a +0 short sword.
The orc barely misses you.
2317 ||| STAIRDANCE You feel very sick.
The orc wizard hits you with a +0 dagger of venom.
You are lethally poisoned!
The orc hits you with a +0 hand axe. The orc priest misses you.
You climb upwards.
Level annotation: exclusion: moth of wrath You feel extremely sick.
There is a stone staircase leading down here.
You shoot an arrow. The arrow barely misses the orc priest.
You feel very sick.
The orc priest hits you with a +0 short sword.
The orc closely misses you.
The orc wizard hits you with a +0 dagger of venom.
You die...

### #.## #... #.## #.#
############.# #######
#............#
#####.....#####.############
#..........o@o.......###
#.###.....##o...####...# #
#.# #.....##..#.######.### #
#.# #.....##..#.....##..(# #
#.###.........#.###..###.# #
#.....<....##.#.#
##.%.#.####
#####....(.##.#.# ###.#...##
#......##.#.# ###%###.##
#......##.#.# #.........


You could see an orc priest, an orc wizard (invisible) and an orc.

Vanquished Creatures
  4 adders
  A worm (D:2)
  2 dart slugs (D:2)
  5 orcs (D:3)
  9 bats
  3 endoplasms
  5 giant cockroaches
  5 goblins
  9 hobgoblins
  6 jackals
  3 quokkas
  5 ball pythons
  5 frilled lizards
  3 kobolds
  5 rats
70 creatures vanquished.

Notes
Turn   | Place    | Note
-------+----------+-------------------------------------------
     0 | D:1      | qw the Minotaur Hexslinger began the quest for the Orb.
     0 | D:1      | Reached XP level 1. HP: 16/16 MP: 1/1
     0 | D:1      | 0 ||| qw: Version: 0.3-a-46-gb1f654a
     0 | D:1      | 0 ||| qw: Game counter: 1563
     0 | D:1      | 0 ||| qw: Melee chars always use a shield: true
     0 | D:1      | 0 ||| qw: God list: Okawaru
     0 | D:1      | 0 ||| qw: Allow faded altars: false
     0 | D:1      | 0 ||| qw: Do Orc after clearing Dungeon:15 true
     0 | D:1      | 0 ||| qw: Do second Lair branch before Depths: true
     0 | D:1      | 0 ||| qw: Lair rune preference: random
     0 | D:1      | 0 ||| qw: Goals: Normal
     0 | D:1      | 0 ||| PLANNING D:1-11
   125 | D:1      | Reached skill level 3 in Ranged Weapons
   135 | D:1      | Reached XP level 2. HP: 21/23 MP: 2/2
   584 | D:1      | Reached XP level 3. HP: 29/29 MP: 3/3
   724 | D:1      | 724 ||| UPGRADING to +0 leather armour.
   734 | D:1      | 734 ||| DROPPING +0 robe.
   735 | D:1      | 735 ||| UPGRADING to +0 ring mail.
   745 | D:1      | 745 ||| DROPPING +0 leather armour.
   746 | D:1      | 746 ||| READING scroll labelled COKOEPRA YJORU.
   747 | D:1      | 747 ||| READING scroll labelled GIESTI EFAYPNIN.
   748 | D:1      | 748 ||| DROPPING scroll of poison.
   833 | D:2      | Reached skill level 4 in Ranged Weapons
   977 | D:2      | Reached skill level 1 in Armour
  1179 | D:2      | Reached XP level 4. HP: 36/36 MP: 4/4
  1420 | D:2      | 1420 ||| READING scroll labelled BASKAT YCOAMAFIO.
  1421 | D:2      | 1421 ||| READING scroll labelled OMIFUPH UQUSEMPINO.
  1578 | D:3      | Found Tuch's Armour Shoppe.
  1581 | D:3      | 1581 ||| SHOPLISTING +1 pair of boots (161 gold, have 151).
  1581 | D:3      | 1581 ||| SHOPLISTING +2 troll leather armour (378 gold,
                  | have 151).
  1747 | D:3      | 1747 ||| SWAPPING to +0 orcbow.
  1748 | D:3      | 1748 ||| DROPPING +1 sling.
  2201 | D:3      | Noticed a moth of wrath
  2202 | D:3      | 2202 ||| UPGRADING to ring of see invisible.
  2203 | D:3      | 2203 ||| READING scroll labelled LIKUSY ITROUPT.
  2206 | D:3      | Found a bloodstained altar of Trog.
  2245 | D:3      | Reached skill level 5 in Ranged Weapons
  2311 | D:4      | 2311 ||| PLANNING OSSUARY
  2317 | D:4      | 2317 ||| STAIRDANCE
  2319 | D:3      | HP: 4/36 [poisoned by an orc wizard]
  2319 | D:3      | Slain by an orc wizard

Levels and vault maps discovered:
D:1:      sevenhm_arrival_forest_fort_large_4, layout_basic
D:2:      layout_basic, hangedman_decor_riveting
D:3:      layout_basic, tgw_trog, serial_shops, nicolae_shop_behind_doors
D:4:      layout_layer_cave, general_overflow_altar,
          mainiacjoe_overflow_concentric_impassable, grunt_qazlal_sundering,
          lemuel_coloured_pillars_altar, enter_ossuary_1

Skill      XL: |  1  2  3  4 |
---------------+-------------+-----
Ranged Weapons | 3 4 5 |  5.0
Fighting       | 2 |  2.2
Armour         | 1 |  1.5
Dodging        | |  2.1
Spellcasting   | |  1.0
Hexes          | |  2.0

Action                     |  1- 3 |  4- 6 || total
---------------------------+-------+-------++-------
   Fire: Sling             |   127 |    24 ||   151
         Orcbow            |       |    31 ||    31
    Use: Scroll            |     2 |     3 ||     5
 Armour: Robe              |     8 |       ||     8
         Ring mail         |    18 |     5 ||    23
  Dodge: Dodged            |    58 |    17 ||    75

Table legend:
 A = Non-vault XP
 B = Vault XP
 C = Vault XP percentage of total XP
 D = Non-vault monster count
 E = Vault monster count
 F = Vault count percentage of total count
                 A         B        C        D         E       F
            +---------+---------+-------+---------+---------+-------
      Total |     175 |       2 |   1.1 |      68 |       2 |   2.9
            +---------+---------+-------+---------+---------+-------
        D:1 |      46 |       0 |   0.0 |      27 |       0 |   0.0
        D:2 |      71 |       0 |   0.0 |      24 |       0 |   0.0
        D:3 |      56 |       2 |   3.4 |      16 |       2 |  11.1
        D:4 |       2 |       0 |   0.0 |       1 |       0 |   0.0
            +---------+---------+-------+---------+---------+-------
